 Seeded DCSS version 0.29.1-15-g9cfb28693d (webtiles) character file.

Game seed: 1114716861451129815 (custom seed)

35 Achh the Covered (level 3, 0/33 HPs)
             Began as a Minotaur Fighter on Mar 15, 2023.
             Was a Follower of Fedhas.
             Killed from afar by a dart slug (6 damage)
             ... with a slug dart
             ... on level 2 of the Dungeon.
             The game lasted 00:02:54 (1147 turns).

Achh the Covered (Minotaur Fighter)                 Turns: 1147, Time: 00:02:54

Health: 0/33       AC:  7    Str: 22    XL:     3   Next: 17%
Magic:  2/2        EV:  9    Int:  5    God:    Fedhas [*.....]
Gold:   66         SH:  4    Dex:  9    Spells: 2/2 levels left

rFire   . . .      SeeInvis .   a - +0 war axe
rCold   . . .      Faith    .   c - +0 buckler
rNeg    . . .      Spirit   .   b - +0 scale mail
rPois   .          Reflect  .   (helmet restricted)
rElec   .          Harm     .   (no cloak)
rCorr   .          Rampage  .   (no gloves)
Will    .....                   (no boots)
Stlth   ..........              (no amulet)
HPRegen 0.11/turn               (no ring)
MPRegen 0.08/turn               (no ring)

@: no status effects
A: horns 2, retaliatory headbutt
a: Renounce Religion


You were on level 2 of the Dungeon.
You worshipped Fedhas.
Fedhas was aware of your devotion.
You visited 1 branch of the dungeon, and saw 2 of its levels.

You collected 66 gold pieces.

Inventory:

Hand Weapons
 a - a +0 war axe (weapon)
Armour
 b - a +0 scale mail (worn)
 c - a +0 buckler (worn)
Scrolls
 e - a scroll of fear {unknown}
Potions
 d - a potion of might
 f - a potion of curing {unknown}
 h - a potion of flight
 i - a potion of lignification {unknown}
 j - a potion of cancellation {unknown}
 l - a potion of attraction {unknown}
 m - a potion of brilliance {unknown}


   Skills:
 + Level 4.1 Fighting
 + Level 3.0 Axes
 + Level 4.1 Armour
 + Level 4.1 Shields


You had 2 spell levels left.
You didn't know any spells.
Your spell library contained the following spells:

 Spells                   Type           Power      Damage    Failure   Level
 Inner Flame              Hex/Fire       0%         N/A       99%         3
 Cause Fear               Hex            0%         N/A       100%        4
 Discord                  Hex            0%         N/A       100%        8


Dungeon Overview and Level Annotations

Branches:
Dungeon (2/15)

Altars:
Fedhas


Innate Abilities, Weirdness & Mutations

You have a pair of horns on your head.
You reflexively headbutt those who attack you in melee.


Message History

The ball python bites you. The ball python grabs you.
The ball python constricts you. The ball python barely misses you.
The ball python constricts you.
You escape the ball python's grasp.
The dart slug completely misses you. You furiously retaliate!
You headbutt the dart slug, but do no damage.
The dart slug barely misses you. The ball python barely misses you. x2
You block the dart slug's attack. The dart slug misses you.
You furiously retaliate!
You headbutt the dart slug. The ball python closely misses you.
You furiously retaliate!
You headbutt the ball python!
You kill the ball python!
Fedhas appreciates your contribution to the ecosystem.
The dart slug launches a dart at you. The slug dart misses you.
You see here a scroll labelled NAXUTI IMNI.
The dart slug launches a dart at you.
The slug dart hits you but does no damage.
The dart slug launches a dart at you. The slug dart hits you.
* * * LOW HITPOINT WARNING * * *
The dart slug launches a dart at you.
The slug dart hits you but does no damage.
The dart slug launches a dart at you.
The slug dart hits you but does no damage.
The dart slug launches a dart at you. The slug dart hits you.
* * * LOW HITPOINT WARNING * * *
There is a stone staircase leading up here.
The dart slug launches a dart at you. The slug dart misses you.
The dart slug briefly extends its eye-stalks.
The dart slug launches a dart at you.
The slug dart hits you but does no damage.
The dart slug bites you but does no damage.
The dart slug launches a dart at you. The slug dart hits you.
You die...
Fedhas appreciates your contribution to the ecosystem.

**,,,***********
,,,,,,,,,,,,,,,**
**,,,*********,,****** *,,,,*
**,,,,,,* ********** *,,,,*
******,***,,,,,,,,, ,,,,,*
*,,,,,,,,,,,,, ,*****
#############***,....,,,, ,*
##.....#.....## *,....,,,, **
##........@....##*.....,,,, **
#...........w...#*.|...,,,, ,***
#"..............#......,,,, ,,,*
#.............<.#......,,,, **,**
#.†...<.†.>w...........,,,,
**,,**#...).[.........##.....,,,,
***,,*#.<........?....#..####****
* **,,##.....†........)......,,**
* *#...#.....#..............,,,*


You could see 2 dart slugs.

Vanquished Creatures
  A dart slug (D:1)
  3 bats (D:1)
  3 endoplasms (D:1)
  A giant cockroach (D:1)
  2 hobgoblins (D:1)
  4 jackals
  2 quokkas (D:1)
  6 ball pythons
  2 frilled lizards (D:1)
  4 kobolds (D:1)
  A rat (D:1)
29 creatures vanquished.

Notes
Turn   | Place    | Note
-------+----------+-------------------------------------------
     0 | D:1      | Achh the Minotaur Fighter began the quest for the Orb.
     0 | D:1      | Reached XP level 1. HP: 19/19 MP: 0/0
   387 | D:1      | Reached XP level 2. HP: 27/27 MP: 1/1
   972 | D:1      | Reached XP level 3. HP: 30/33 MP: 2/2
  1050 | D:1      | Found a faded altar of an unknown god.
  1055 | D:1      | Prayed at the altar of an unknown god.
  1055 | D:1      | Became a worshipper of Fedhas Madash
  1055 | D:1      | Reached * piety under Fedhas
  1147 | D:2      | Killed from afar by a dart slug

Illustrated notes

Levels and vault maps discovered:
D:1:      wander_arrival_fairy_ring, layout_loops_ring,
          hellmonk_ecumenical_altar_leap_of_faith
D:2:      layout_rooms

Skill      XL: |  1  2 |
---------------+-------+-----
Armour         | 4 |  4.1
Shields        | 4 |  4.1
Fighting       | 4 |  4.1
Axes           | 3 |  3.0

Action                   || total
-------------------------++-------
Melee: War axe           ||    61
       Headbutt          ||     4
  Use: Scroll            ||     2
Armor: Scale mail        ||    55
Dodge: Dodged            ||    75
Block: Buckler           ||    33
